Map: Acid Plant LE

Players

ShoWTimE - Winner!

  • Race: Protoss Protoss
  • Spawn Location: 5:00

harstem

  • Race: Protoss Protoss
  • Spawn Location: 11:00

Event: WCS Austin 2018

VOD

Have the link to the VOD?

Description

Time

  • Played on: June 1, 2018, 10:30 p.m.
  • Length: 15:24

All games in this series

Show
View Real Time Build Order
Export as new Build Order

ShoWTimE Protoss - Winner!

Build Orders: Oracle Opening, Phoenix Opening, Carriers, Mass Phoenix 

Get SALT Encoding   

  12  0:00  Probe  
  13  0:12  Probe  
  14  0:17  Pylon  
  14  0:24  Probe  
  15  0:32  Probe  
  15  0:37  Gateway  
  15  0:40  Probe  
  16  0:46  Assimilator  
  17  0:50  Probe  
  17  0:55  Assimilator  
  18  0:58  Probe  
  19  1:06  Probe  
  20  1:12  Gateway  
  20  1:17  Probe  
  20  1:25  Cybernetics Core  
  21  1:29  Probe  
  22  1:38  Pylon  
  22  1:41  Probe  
  23  1:56  Probe  
  24  2:01  Stalker  
  24  2:02  Stalker  
  24  2:04  Warp Gate  
  28  2:13  Pylon  
  28  2:28  Stargate  
  28  2:33  Adept x2  
  32  2:59  Nexus  
  32  3:03  Oracle  
  32  3:07  Shield Battery  
  35  3:21  Pylon  
  35  3:26  Probe  
  34  3:38  Shield Battery, Probe  
  33  3:44  Phoenix  
  35  3:52  Probe  
  36  3:58  Robotics Facility  
  36  4:02  Phoenix  
  36  4:04  Probe  
  36  4:09  Stargate  
  34  4:13  Probe  
  34  4:16  Probe  
  38  4:20  Phoenix  
  38  4:25  Probe  
  38  4:31  Probe  
  42  4:36  Assimilator  
  42  4:37  Probe  
  43  4:43  Phoenix, Probe  
  46  4:50  Probe  
  46  4:52  Phoenix  
  47  4:53  Assimilator  
  47  4:55  Probe  
  48  5:02  Probe  
  51  5:07  Probe  
  51  5:12  Phoenix, Pylon  
  54  5:15  Probe  
  54  5:19  Phoenix, Probe  
  56  5:27  Probe  
  59  5:31  Probe  
  59  5:34  Pylon  
  60  5:39  Probe  
  60  5:41  Phoenix  
  63  5:43  Probe  
  63  5:46  Phoenix  
  66  5:52  Probe  
  66  5:55  Probe  
  66  5:57  Pylon  
  68  6:08  Phoenix, Pylon  
  70  6:18  Fleet Beacon  
  70  6:22  Phoenix, Pylon  
  72  6:29  Phoenix  
  71  6:33  Nexus  
  71  6:35  Probe  
  74  6:43  Anion Pulse-Crystals  
  74  6:46  Probe  
  75  6:47  Phoenix, Probe  
  75  6:52  Phoenix  
  78  6:58  Probe  
  78  6:59  Probe  
  82  7:03  Pylon  
  82  7:10  Probe  
  82  7:12  Phoenix  
  85  7:16  Assimilator  
  85  7:17  Probe  
  85  7:21  Assimilator  
  85  7:22  Probe  
  87  7:24  Phoenix  
  87  7:29  Probe  
  90  7:34  Probe  
  87  7:37  Stalker x2  
  87  7:40  Phoenix  
  87  7:41  Probe  
  94  7:45  Probe  
  94  7:46  Probe  
  94  7:47  Phoenix  
  94  7:54  Probe  
  94  7:57  Phoenix, Probe  
  98  7:58  Probe  
  101  8:06  Probe  
  101  8:09  Probe, Pylon  
  101  8:10  Phoenix, Probe  
  104  8:18  Probe  
  107  8:20  Phoenix, Stargate  
  107  8:21  Probe  
  107  8:22  Probe  
  109  8:27  Phoenix  
  109  8:30  Probe  
  109  8:34  Probe  
  109  8:35  Pylon, Probe  
  109  8:40  Stargate  
  112  8:42  Probe  
  112  8:44  Phoenix  
  115  8:54  Phoenix  
  115  8:56  Nexus  
  115  8:59  Pylon  
  117  9:04  Phoenix x2  
  119  9:10  Forge  
  119  9:16  Probe x3  
  124  9:22  Assimilator  
  124  9:25  Phoenix  
  124  9:27  Assimilator  
  124  9:28  Phoenix, Pylon  
  128  9:33  Phoenix x2  
  132  9:44  Phoenix  
  132  9:45  Photon Cannon  
  132  9:48  Mothership  
  132  9:50  Phoenix  
  134  9:57  Pylon  
  134  9:58  Phoenix  
  138  10:00  Pylon  
  144  10:17  Phoenix  
  144  10:19  Phoenix  
  144  10:21  Photon Cannon  
  146  10:25  Phoenix, Pylon  
  150  10:35  Carrier  
  154  10:43  Shield Battery  
  154  10:45  Shield Battery, Carrier  
  154  10:47  Photon Cannon  
  154  10:49  Protoss Air Weapons Level 1  
  162  11:04  Nexus  
  162  11:05  Pylon  
  162  11:13  Probe x3  
  162  11:15  Pylon  
  162  11:17  Carrier  
  158  11:25  Probe x3  
  167  11:35  Carrier  
  167  11:37  Probe x3  
  176  11:43  Probe  
  176  11:45  Cybernetics Core  
  177  11:47  Carrier, Pylon  
  177  11:52  Stargate  
  177  11:53  Graviton Catapult  
  177  11:57  Photon Cannon  
  177  11:58  Photon Cannon  
  177  12:06  Carrier  
  183  12:17  Protoss Air Armor Level 1  
  189  12:26  Assimilator  
  189  12:29  Assimilator  
  189  12:43  Carrier x2  
  183  12:45  Probe x4  
  183  12:46  Probe  
  179  12:52  Oracle  
  179  12:56  Protoss Air Weapons Level 2  
  179  12:57  Probe x4  
  179  12:58  Probe  
  180  13:09  Probe x4  
  180  13:10  Probe  
  177  13:21  Probe x4  
  177  13:22  Probe  
  182  13:27  Carrier  
  182  13:33  Probe  
  186  13:35  Probe x3  
  186  13:36  Probe  
  186  13:38  Carrier  
  190  13:44  Carrier  
  190  13:45  Probe  
  194  14:23  Twilight Council  
  198  14:41  Photon Cannon  
  198  14:43  Photon Cannon  
  196  14:45  Photon Cannon  
Show
View Real Time Build Order
Export as new Build Order

harstem Protoss 

Build Orders: Phoenix Opening, Carriers, Mass Phoenix 

Get SALT Encoding   

  12  0:00  Probe  
  13  0:12  Probe  
  14  0:17  Pylon  
  14  0:25  Probe  
  15  0:34  Probe  
  15  0:36  Gateway  
  15  0:42  Probe  
  16  0:47  Assimilator  
  17  0:51  Probe  
  17  0:56  Assimilator  
  18  1:04  Probe  
  19  1:10  Gateway  
  19  1:16  Probe  
  20  1:22  Cybernetics Core  
  20  1:28  Probe  
  21  1:35  Pylon  
  21  1:40  Probe  
  22  1:51  Warp Gate  
  22  1:52  Probe  
  23  2:01  Stalker x2  
  27  2:05  Probe  
  28  2:16  Pylon  
  28  2:29  Stargate  
  28  2:35  Adept  
  28  2:36  Adept  
  32  3:05  Phoenix  
  32  3:09  Nexus  
  32  3:18  Shield Battery  
  34  3:20  Probe  
  35  3:31  Phoenix  
  35  3:35  Probe  
  36  3:47  Probe  
  35  3:50  Phoenix  
  35  3:59  Probe  
  38  4:11  Probe  
  38  4:13  Phoenix, Shield Battery  
  39  4:19  Stargate  
  39  4:23  Probe  
  39  4:24  Probe  
  43  4:35  Adept, Probe  
  43  4:36  Adept  
  48  4:38  Probe  
  48  4:40  Phoenix  
  49  4:47  Probe  
  49  4:51  Probe  
  53  4:59  Assimilator  
  53  5:00  Probe, Pylon  
  54  5:17  Assimilator, Probe  
  54  5:18  Probe  
  54  5:20  Phoenix  
  56  5:21  Phoenix  
  56  5:25  Probe  
  56  5:30  Probe  
  56  5:31  Pylon  
  56  5:33  Probe  
  58  5:42  Probe  
  60  5:44  Probe  
  60  5:46  Fleet Beacon  
  61  5:53  Pylon  
  61  5:56  Probe  
  62  5:57  Phoenix  
  62  5:59  Probe  
  65  6:09  Probe, Pylon  
  65  6:11  Probe  
  67  6:12  Anion Pulse-Crystals  
  67  6:13  Pylon  
  67  6:17  Phoenix  
  69  6:21  Probe  
  69  6:25  Pylon  
  70  6:27  Probe  
  70  6:29  Phoenix  
  73  6:37  Probe  
  74  6:42  Phoenix  
  76  6:54  Nexus  
  76  6:58  Pylon  
  76  7:00  Phoenix  
  78  7:11  Phoenix  
  79  7:25  Phoenix  
  81  7:31  Probe x2  
  81  7:36  Phoenix  
  83  7:41  Stargate, Probe x2  
  85  7:49  Probe x2  
  85  7:50  Phoenix  
  87  7:54  Assimilator  
  87  7:57  Stargate, Probe  
  87  7:58  Probe  
  89  7:59  Assimilator, Forge  
  89  8:01  Phoenix  
  93  8:11  Probe x3  
  96  8:18  Phoenix  
  98  8:23  Phoenix  
  98  8:25  Pylon  
  98  8:26  Phoenix  
  98  8:31  Probe  
  98  8:32  Phoenix, Probe  
  98  8:33  Probe  
  99  8:35  Photon Cannon  
  99  8:38  Pylon  
  99  8:40  Phoenix  
  101  8:43  Phoenix  
  101  8:47  Shield Battery  
  105  8:49  Pylon  
  105  8:52  Phoenix  
  106  8:57  Phoenix  
  106  9:02  Probe  
  109  9:04  Stalker x2  
  109  9:06  Probe  
  109  9:08  Phoenix  
  116  9:18  Pylon  
  116  9:19  Pylon  
  116  9:21  Phoenix  
  118  9:28  Pylon  
  118  9:33  Phoenix  
  118  9:36  Phoenix  
  122  9:40  Phoenix  
  122  9:44  Zealot  
  124  9:47  Phoenix  
  124  9:48  Pylon  
  124  9:49  Zealot  
  130  9:59  Pylon  
  130  10:01  Phoenix  
  130  10:05  Phoenix x2  
  133  10:07  Mothership  
  133  10:11  Nexus  
  136  10:14  Pylon  
  136  10:28  Pylon  
  144  10:34  Carrier  
  144  10:36  Pylon  
  147  10:45  Carrier, Probe  
  147  10:47  Pylon  
  147  10:48  Probe  
  149  10:50  Assimilator  
  157  10:59  Assimilator  
  157  11:05  Probe  
  157  11:08  Shield Battery, Carrier  
  164  11:15  Protoss Air Weapons Level 1  
  164  11:22  Probe  
  164  11:23  Probe  
  164  11:24  Probe  
  161  11:34  Probe  
  161  11:35  Probe  
  161  11:36  Probe  
  156  11:45  Carrier  
  156  11:46  Probe  
  163  11:47  Probe  
  163  11:48  Shield Battery, Probe  
  163  11:53  Protoss Shields Level 1  
  165  11:54  Graviton Catapult  
  165  11:56  Pylon  
  165  11:58  Probe  
  165  11:59  Probe  
  165  12:00  Carrier  
  167  12:05  Pylon  
  167  12:06  Probe  
  167  12:08  Probe  
  175  12:09  Cybernetics Core  
  175  12:10  Pylon  
  175  12:14  Pylon  
  175  12:23  Oracle  
  175  12:26  Pylon  
  175  12:27  Photon Cannon  
  175  12:29  Photon Cannon  
  178  12:35  Carrier  
  163  12:47  Carrier  
  167  12:54  Probe  
  167  12:55  Probe  
  157  12:59  Probe x2  
  157  13:00  Carrier  
  160  13:06  Probe  
  160  13:07  Probe  
  160  13:11  Probe x2  
  154  13:18  Probe  
  154  13:19  Probe  
  156  13:23  Probe  
  156  13:24  Protoss Air Armor Level 1  
  156  13:26  Carrier  
  162  13:32  Nexus  
  140  13:49  Probe  
  140  13:51  Carrier  
  141  13:57  Carrier, Probe  
  141  14:00  Probe  
  141  14:01  Probe  
  134  14:21  Probe  
  126  14:27  Probe x3  
  126  14:29  Probe  
  124  14:37  Probe  
  115  14:39  Probe x3  
  115  14:44  Sentry x2  
  123  14:47  Probe  
  123  14:51  Probe  
  125  14:56  Probe  
Tags
 
Add a new tag
Caveats
  • Supply blocks, unpowered buildings, or Contaminate may cause inaccurate times.
  • Supply counts are checked every 10 seconds.